AoeStats
← darador86

Arabia

510683326Analyzed
1v1 RM · 1d ago on Oct 2, 2026· 26m 5s· 2 players
Game mode
Random Map
Map size
Tiny (2 player)
Population
200
Speed
Normal
Resources
Standard
Victory
Conquest
Starting age
Dark Age
Ending age
Imperial Age
RankedLock teamsTeams togetherTeam positionsShared explorationLock speedFull tech treeHidden civsTurbo modeCheats
Victory
Defeat
🇵🇪 Byzantines · Peru
602
+15
🇦🇷 Franks · Argentina
587
-15
darador86
14:15 Feudal Age
15:45 Double-Bit Axe
25:50 Castle Age
AtilaTheHun
10:15 Feudal Age
8:31 Loom
10:48 Double-Bit Axe
15:22 Forging
17:26 Wheelbarrow
22:23 Castle Age
20:16 Horse Collar
20:52 Gold Mining
21:40 Fletching
23:19 Bow Saw
23:12 Heavy Plow
23:14 Bodkin Arrow
22:52 Elite Skirmisher
26:05 Hand Cart
Connection lost

Rejoining the realm…

Still unreachable

The connection could not be restored.

Session expired

The server has moved on; the page needs a fresh start.